 Dungeon Crawl Stone Soup version 0.29.1-13-g9f3cf754e1 (webtiles) character file.

Game seed: 5905669878613936106

131618 DemonSlayer the Eclecticist (level 16, -13/110 (113) HPs)
             Began as a Demonspawn Earth Elementalist on Jan 28, 2023.
             Was the Champion of Cheibriados.
             Mangled by a naga warrior
             ... wielding a +0 broad axe of flaming
              (20 damage)
             ... on level 14 of the Dungeon.
             The game lasted 01:37:11 (28010 turns).

DemonSlayer the Eclecticist (DsEE)                 Turns: 28010, Time: 01:37:11

HP:   -13/110 (113) AC: 19    Str: 32    XL:     16   Next: 55%
MP:   18/35         EV: 23    Int: 32    God:    Cheibriados [******]
Gold: 1517          SH:  0    Dex: 28    Spells: 4/45 levels left

rFire   + . .      SeeInvis +   a - +8 quick blade "Novaob" {flame, *Noise rElec rF++ SInv}
rCold   . . .      Faith    .   (no shield)
rNeg    . . .      Spirit   .   J - +3 troll leather armour
rPois   .          Reflect  .   (helmet unavailable)
rElec   +          Harm     .   x - +2 cloak {Stlth+}
rCorr   .          Rampage  .   B - +0 pair of gloves
Will    +++..                   M - +2 pair of boots {Stlth+} Stlth **++++++++
                                p - amulet of magic regeneration
HPRegen 1.08/turn               C - ring of Shadows {Umbra +Inv Stlth+}
MPRegen 0.64/turn               w - ring of Loirr {rF- Will++ AC+4 Slay+3 SInv}

@: lethally poisoned (-13 -> -14), about to teleport, wreathed by umbra,
studying Hexes, lightly drained, very slow
A: antennae 3, repulsion field 2, demonic guardian 2, spiny 2
a: Renounce Religion, Evoke Invisibility, Bend Time, Temporal Distortion,
Slouch, Step From Time


You were on level 14 of the Dungeon.
You worshipped Cheibriados.
Cheibriados was exalted by your worship.
You visited 3 branches of the dungeon, and saw 21 of its levels.
You also visited: Bailey and Gauntlet.

You collected 2929 gold pieces.
You spent 1412 gold pieces at shops.

Inventory:

Hand Weapons
 a - the +8 quick blade "Novaob" (weapon) {flame, *Noise rElec rF++ SInv}
   (You acquired it on level 10 of the Dungeon)

   It burns those it strikes, dealing additional fire damage.
   rF:        It greatly protects you from fire.
   rElec:     It insulates you from electricity.
   SInv:      It lets you see invisible.
   *Noise:    It may make noises in combat.
 e - the +3 dagger "Hyumim" {vamp, *Rage rC+ Will+ rCorr}
   (You found it on level 4 of the Dungeon)

   It occasionally heals its wielder for a portion of the damage dealt when it
   wounds a living foe.
   rC:        It protects you from cold.
   *Rage:     It berserks you when you make melee attacks (+20% chance).
   rCorr:     It protects you from acid and corrosion.
   Will:      It increases your willpower.
Missiles
 k - a curare-tipped dart
 r - a throwing net
Armour
 x - a +2 cloak of stealth (worn)
 B - a +0 pair of gloves (worn)
 J - a +3 troll leather armour (worn)
 K - the +6 chain mail of the Purple Skies {rCorr Dex+3}
   (You found it on level 13 of the Dungeon)

   Dex:       It affects your dexterity (+3).
   rCorr:     It protects you from acid and corrosion.
 M - a +2 pair of boots of stealth (worn)
Jewellery
 c - a ring of poison resistance
 d - a ring of resist corrosion
 o - a ring of flight
 p - an amulet of magic regeneration (around neck)
 w - the ring of Loirr (right hand) {rF- Will++ AC+4 Slay+3 SInv}
   (You took it off a kobold demonologist on level 9 of the Dungeon)

   [ring of protection]

   AC:        It affects your AC (+4).
   Slay:      It affects your accuracy & damage with ranged weapons and melee
   (+3).
   rF:        It makes you vulnerable to fire.
   SInv:      It lets you see invisible.
   Will:      It greatly increases your willpower.
 C - the ring of Shadows (left hand) {Umbra +Inv Stlth+}
   (You took it off an ogre mage on level 13 of the Dungeon)

   [ring of stealth]

   It surrounds you with an aura of shadow, increasing your stealth and reducing
   the accuracy of all others within it.
   +Inv:      It lets you turn invisible.
   Stlth:     It makes you more stealthy.
Wands
 q - a wand of digging (8)
 u - a wand of flame (52)
 D - a wand of paralysis (20)
 E - a wand of light (7)
 F - a wand of iceblast (3)
Scrolls
 i - 4 scrolls of silence
 l - a scroll of enchant armour
 t - 17 scrolls of teleportation
 y - 10 scrolls of identify
 A - a scroll of magic mapping
 G - 2 scrolls of amnesia
 N - a scroll of poison
Potions
 b - 6 potions of magic
 f - 7 potions of brilliance
 h - a potion of flight
 j - 8 potions of mutation
 m - 12 potions of curing
 n - 5 potions of might
 s - 2 potions of ambrosia
 z - 2 potions of attraction
 H - 4 potions of invisibility
 I - 2 potions of cancellation
Miscellaneous
 g - a box of beasts
 v - a phantom mirror
 L - a lightning rod (4/4)


   Skills:
 + Level 6.8 Fighting
 + Level 6.3 Short Blades
 + Level 1.0 Maces & Flails
 + Level 2.1 Polearms
 + Level 0.8 Throwing
 + Level 4.7 Armour
 + Level 8.5 Dodging
 + Level 9.9 Stealth
 + Level 2.4 Shields
 + Level 15.0 Spellcasting
 + Level 12.3 Conjurations
 + Level 0.5 Hexes
 + Level 1.6 Transmutations
 + Level 13.7 Earth Magic
 + Level 0.1 Poison Magic
 + Level 0.5 Evocations


You had 4 spell levels left.
You knew the following spells:

 Your Spells              Type           Power      Damage    Failure   Level
b - Passwall              Tmut/Erth      54%        N/A       1%          2
c - Stone Arrow           Conj/Erth      100%       3d13      1%          3
d - Petrify               Tmut/Erth      65%        N/A       1%          4
e - Fulminant Prism       Conj/Hex       30%        3d16      1%          4
f - Teleport Other        Tloc           24%        N/A       6%          3
g - Ensorcelled Hibernat  Hex/Ice        50%        N/A       2%          2
h - Olgreb's Toxic Radia  Pois           24%        N/A       19%         4
i - Dispersal             Tloc           12%        N/A       97%         6
j - Alistair's Intoxicat  Tmut/Pois      19%        N/A       36%         5
k - Ozocubu's Armour      Ice            24%        N/A       6%          3
l - Metabolic Englaciati  Hex/Ice        12%        N/A       45%         5

Your spell library contained the following spells:

 Spells                   Type           Power      Damage    Failure   Level
 Magic Dart               Conj           100%       1d8       0%          1
 Sandblast                Erth           100%       2d20      0%          1
 Apportation              Tloc           48%        N/A       1%          1
 Foxfire                  Conj/Fire      100%       2x1d9     1%          1
 Freeze                   Ice            96%        1d11      1%          1
 Slow                     Hex            100%       N/A       1%          1
 Searing Ray              Conj           100%       2d8       1%          2
 Conjure Flame            Conj/Fire      59%        6-21      1%          3
 Flame Wave               Conj/Fire      59%        2d14      1%          4
 Call Imp                 Summ           24%        N/A       3%          2
 Confusing Touch          Hex            27%        N/A       4%          3
 Inner Flame              Hex/Fire       25%        N/A       5%          3
 Gell's Gravitas          Tloc           24%        N/A       6%          3
 Swiftness                Air            24%        N/A       6%          3
 Vampiric Draining        Necr           24%        2d7       6%          3
 Animate Dead             Necr           24%        N/A       21%         4
 Summon Lightning Spire   Summ/Air       24%        N/A       21%         4
 Borgnjor's Vile Clutch   Necr/Erth      31%        N/A       3%          5
 Statue Form              Tmut/Erth      43%        N/A       13%         6
 Conjure Ball Lightning   Conj/Air       29%        3x3d8     24%         6
 Death Channel            Necr           12%        N/A       97%         6
 Ozocubu's Refrigeration  Ice            12%        4d10      100%        7
 Discord                  Hex            13%        N/A       100%        8
 Disjunction              Tloc           12%        N/A       100%        8


Dungeon Overview and Level Annotations

Branches:
Dungeon (14/15)            Temple (0/1) D:5            Lair (5/5) D:8
  Swamp (0/4) Lair:3       Spider (0/4) Lair:3        Slime (0/5) Lair:5
    Orc (2/2) D:10            Elf (0/3) Orc:2        Vaults (0/5) D:13
 Bailey (visited)         Gauntlet (visited)

Altars:
Ashenzari
Cheibriados
Fedhas
Hepliaklqana
Kikubaaqudgha
Makhleb
Ru
Vehumet
Xom
Yredelemnul
Jiyva

Shops:
Orc:1 [   Orc:2 ![(*(!


Innate Abilities, Weirdness & Mutations

You have a pair of large antennae on your head. (SInv)
You are surrounded by a moderate repulsion field. (EV +3)
A demonic guardian rushes to your aid.
You are mostly covered in sharp spines.


Message History

Confirm with . or Enter, or press ? or * to list all spells.
Aiming: Stone Arrow (safe; 1% risk of failure)
Press: ? - help, Shift-Dir - straight line, f/p - molten gargoyle
Aim: a molten gargoyle, wielding a +0 lajatang of flaming (thin mist, fast, umbra, 87% to hit)
The stone arrow misses the molten gargoyle.
You feel sick. The naga warrior closely misses you.
The molten gargoyle hits you but does no damage.
The naga warrior spits poison at you. The splash of poison hits you!
You are more poisoned.
* * * LOW HITPOINT WARNING * * *
The molten gargoyle is struck by your spines.
The molten gargoyle completely misses you.
As you read the scroll of teleportation, it crumbles to dust.
You feel strangely unstable.
You feel sick. The naga warrior completely misses you.
The molten gargoyle hits you with a +0 lajatang of flaming!
* * * LOW HITPOINT WARNING * * *
You are engulfed in flames.
You resist.
* * * LOW HITPOINT WARNING * * *
A demonic guardian appears!
You feel sick. The molten gargoyle misses you. x2
The naga warrior completely misses you.
The molten gargoyle is struck by your spines.
The molten gargoyle hits you with a +0 lajatang of flaming.
* * * LOW HITPOINT WARNING * * *
You are engulfed in flames.
You resist.
* * * LOW HITPOINT WARNING * * *
The molten gargoyle burns you.
* * * LOW HITPOINT WARNING * * *
The naga warrior hits you with a +0 broad axe of flaming.
* * * LOW HITPOINT WARNING * * *
The naga warrior hits your soul eater with a +0 broad axe of flaming!
The naga warrior burns your soul eater!
Your soul eater hits the naga warrior!
Your soul eater drains the naga warrior.
Unknown command.
Unknown command.
The naga warrior attacks as you move away!
The naga warrior hits you with a +0 broad axe of flaming!!
You die...

#####..........[...
#.§..........#.....
#§§§§§#.....##.....
##§§§##............
#§§§#....##.......
#§§§#..)..........
#§§§##.##.........
#§§§##.##.........
#@§§#..##.........
#N9.#####.........
#...§3§§§...#.....#...
#._...#...8.#.....#...
#..[........#.....##..
#####...#####...#..##.
#...####...##...##
#._.##.....#...##.
#...#......#......


You could see a naga warrior (fast, drained, ally target, reflecting), a molten
gargoyle (fast) and a friendly soul eater (summoned).

Vanquished Creatures
  Frances (D:13)
  A fire giant (D:12)
  2 orc warlords
  A minotaur (Gauntlet)
  An ettin (D:12)
  The ghost of cowcol the Protected, a journeyman MiMo of Hepliaklqana (Lair:3)
  A great orb of eyes (D:12)
  7 centaur warriors
  8 hydras
  3 catoblepae
  5 boulder beetles
  3 death knights
  Erica (Lair:1)
  2 ogre magi
  11 two-headed ogres
  14 death yaks
  3 orc high priests
  Nergalle (Orc:1)
  Amaemon (Lair:2)
  A sixfirhy (Gauntlet)
  8 skeletal warriors
  A swamp dragon (Lair:5)
  3 bog bodies (Lair:3)
  3 orc knights (Orc:2)
  2 deep elf archers
  A deep elf pyromancer (D:13)
  A wizard (D:13)
  A necromancer (D:13)
  12 ugly things
  A deep elf zephyrmancer (Bailey)
  4 manticores
  2 wolf spiders (Lair:5)
  An orc sorcerer (Orc:2)
  14 cyclopes
  A moth of wrath (shapeshifter) (D:13)
  12 elephants
  A guardian serpent (Lair:5)
  5 black mambas
  4 gargoyles
  2 torpor snails (Gauntlet)
  An orange demon (Lair:2)
  17 cane toads
  13 komodo dragons
  2 unseen horrors (D:12)
  3 kobold demonologists
  A minotaur zombie (Gauntlet)
  7 rime drakes
  An efreet (D:14)
  A meliai (D:13)
  8 trolls
  5 hornets
  28 blink frogs
  A tyrant leech (shapeshifter) (D:13)
  A raiju (shapeshifter) (D:13)
  Prince Ribbit (D:7)
  18 slime creatures
  A jumping spider (Lair:3)
  3 shadows
  Sigmund (D:5)
  2 vampires
  A spriggan (D:14)
  9 wyverns
  4 wraiths
  A wyvern (shapeshifter) (D:13)
  6 basilisks
  40 yaks
  6 vampire mosquitoes
  5 redbacks
  5 steam dragons
  Menkaure (D:7)
  3 wargs
  A swamp worm (Lair:3)
  3 acid dragons
  20 water moccasins
  A water moccasin (shapeshifter) (D:13)
  A swamp drake (Lair:5)
  34 orc warriors
  2 sky beasts (D:7)
  An ice beast (D:6)
  5 black bears
  8 centaurs
  6 ogres
  2 kobold brigands (D:9)
  A phantom (D:5)
  A gnoll sergeant (D:10)
  8 bullfrogs
  A necrophage (D:6)
  4 scorpions
  16 wights
  10 howler monkeys
  3 electric eels
  A hound (D:5)
  7 jellies
  Crazy Yiuf (D:6)
  22 orc priests
  8 iguanas
  23 orc wizards
  5 gnolls (D:10)
  7 adders
  A shadow imp (D:8)
  2 white imps
  2 ufetubi (Gauntlet)
  2 worms (D:2)
  3 dart slugs
  84 orcs
  11 endoplasms
  4 giant cockroaches
  6 hobgoblins
  6 jackals
  3 quokkas
  6 ball pythons
  8 bats
  3 frilled lizards (D:1)
  7 goblins
  5 kobolds
  3 rats
701 creatures vanquished.

Vanquished Creatures (collateral kills)
  A fire dragon (Lair:5)
  A boulder beetle (D:13)
  An orc knight (Bailey)
  An ugly thing (D:12)
  A wraith (D:13)
  4 yaks
  An acid dragon (D:13)
  3 orc warriors
  2 wights (D:6)
  Terence (D:3)
  6 orcs
  A rat (D:2)
23 creatures vanquished.

Vanquished Creatures (others)
  A howler monkey (D:9)
  An orc (Orc:2)
  5 fulminant prisms
  29 fungi
  80 plants
116 creatures vanquished.

Grand Total: 840 creatures vanquished

Notes
Turn   | Place    | Note
-------+----------+-------------------------------------------
     0 | D:1      | DemonSlayer the Demonspawn Earth Elementalist began the
                  | quest for the Orb.
     0 | D:1      | Reached XP level 1. HP: 13/13 MP: 3/3
   393 | D:1      | Gained mutation: A weak demonic guardian rushes to your
                  | aid. [demonic ancestry]
   393 | D:1      | Reached XP level 2. HP: 19/19 MP: 3/5
   396 | D:1      | Learned a level 2 spell: Passwall
   797 | D:2      | Reached skill level 1 in Transmutations
  1128 | D:2      | Reached XP level 3. HP: 24/24 MP: 0/6
  1817 | D:2      | Learned a level 3 spell: Stone Arrow
  2445 | D:3      | Found a snail-covered altar of Cheibriados.
  2445 | D:3      | Found an ancient bone altar of Kikubaaqudgha.
  2453 | D:3      | Became a worshipper of Cheibriados the Contemplative
  2510 | D:3      | Noticed Terence
  2518 | D:3      | Killed Terence
  2519 | D:3      | Reached skill level 1 in Maces & Flails
  2519 | D:3      | Gained mutation: A demonic guardian rushes to your aid.
                  | [demonic ancestry]
  2519 | D:3      | Reached XP level 4. HP: 19/31 MP: 1/8
  2799 | D:3      | Reached skill level 3 in Spellcasting
  2884 | D:3      | Found a faded altar of an unknown god.
  3279 | D:3      | Reached * piety under Cheibriados
  3566 | D:4      | Gained mutation: You are partially covered in sharp spines.
                  | [demonic ancestry]
  3566 | D:4      | Reached XP level 5. HP: 34/36 MP: 8/10
  3608 | D:4      | Reached skill level 1 in Polearms
  3835 | D:4      | Reached XP level 6. HP: 36/42 MP: 11/11
  3841 | D:4      | Identified the +3 dagger "Hyumim" {vamp, *Rage rC+ Will+
                  | rCorr}
  4455 | D:4      | Learned a level 4 spell: Petrify
  4469 | D:5      | Entered Level 5 of the Dungeon
  4474 | D:5      | Reached ** piety under Cheibriados
  4475 | D:5      | Reached skill level 1 in Fighting
  4603 | D:5      | Reached skill level 4 in Spellcasting
  4805 | D:5      | Gained mutation: You are mostly covered in sharp spines.
                  | [demonic ancestry]
  4805 | D:5      | Reached XP level 7. HP: 48/48 MP: 8/13
  4865 | D:5      | Found a staircase to the Ecumenical Temple.
  4989 | D:5      | Noticed Sigmund
  4994 | D:5      | Killed Sigmund
  5055 | D:5      | Reached skill level 5 in Spellcasting
  5171 | D:5      | Reached skill level 1 in Shields
  5171 | D:5      | Reached skill level 5 in Earth Magic
  5171 | D:5      | Gained mutation: You have a pair of small antennae on your
                  | head. [demonic ancestry]
  5171 | D:5      | Reached XP level 8. HP: 47/54 MP: 11/15
  5325 | D:5      | Learned a level 4 spell: Fulminant Prism
  5329 | D:5      | Learned a level 3 spell: Teleport Other
  5537 | D:6      | Found a radiant altar of Vehumet.
  5800 | D:6      | Reached skill level 6 in Spellcasting
  6079 | D:6      | Got the Parchment of the Viperous Blizzard
  6301 | D:6      | Reached *** piety under Cheibriados
  6549 | D:6      | Gained mutation: You have a pair of antennae on your head.
                  | [demonic ancestry]
  6549 | D:6      | Reached XP level 9. HP: 53/58 MP: 15/18
  6793 | D:6      | Found a runed translucent door.
  6794 | D:6      | Noticed Crazy Yiuf
  6908 | D:6      | Reached skill level 1 in Short Blades
  7153 | D:6      | Killed Crazy Yiuf
  7216 | D:7      | Noticed Menkaure
  7223 | D:7      | Killed Menkaure
  7284 | D:7      | Reached skill level 7 in Spellcasting
  7688 | D:7      | Reached skill level 5 in Stealth
  7763 | D:7      | Noticed Prince Ribbit
  7772 | D:7      | Killed Prince Ribbit
  7882 | D:7      | Noticed an eight-headed hydra
  7889 | D:7      | Killed an eight-headed hydra
  7890 | D:7      | Reached skill level 8 in Spellcasting
  8255 | D:7      | Found a sacrificial altar of Ru.
  8275 | D:7      | Found a blossoming altar of Fedhas.
  8330 | D:7      | Learned a level 2 spell: Ensorcelled Hibernation
  8335 | D:7      | Learned a level 4 spell: Olgreb's Toxic Radiance
  8869 | D:8      | Reached XP level 10. HP: 67/67 MP: 18/22
  8899 | D:8      | Found a basalt altar of Yredelemnul.
  9079 | D:8      | Noticed a manticore
  9092 | D:8      | Killed a manticore
  9093 | D:8      | Reached skill level 1 in Conjurations
  9097 | D:8      | Noticed a red ugly thing
  9104 | D:8      | Killed a red ugly thing
  9105 | D:8      | Reached skill level 9 in Spellcasting
  9161 | D:8      | Found a flagged portal.
  9168 | Bailey   | Entered a bailey
  9733 | Bailey   | Reached **** piety under Cheibriados
  9894 | Bailey   | Found a large runed translucent door.
  9894 | Bailey   | Found a large runed translucent door.
  9894 | Bailey   | Noticed an orc knight
  9895 | Bailey   | Noticed a deep elf zephyrmancer
  9908 | Bailey   | Killed an orc knight
 10145 | Bailey   | Killed a deep elf zephyrmancer
 10282 | Bailey   | Identified the +0 helmet of the Game of Life {*Slow rC++
                  | Stlth+}
 10289 | Bailey   | Identified the +5 plate armour of Weprif {rC+ rCorr Dex-3}
 10401 | D:8      | Noticed a centaur warrior
 10406 | D:8      | Killed a centaur warrior
 10608 | D:8      | Gained mutation: You are surrounded by a mild repulsion
                  | field. (EV +2) [demonic ancestry]
 10608 | D:8      | Reached XP level 11. HP: 74/74 MP: 3/24
 10682 | D:8      | Found a staircase to the Lair.
 11001 | D:8      | Found a shimmering altar of Xom.
 11076 | D:8      | Learned a level 6 spell: Dispersal
 11079 | D:8      | Reached skill level 5 in Dodging
 11079 | D:8      | Reached skill level 10 in Spellcasting
 11079 | D:8      | Reached skill level 5 in Conjurations
 11079 | D:8      | Reached XP level 12. HP: 83/83 MP: 24/26
 11124 | D:9      | Noticed a two-headed ogre
 11131 | D:9      | Killed a two-headed ogre
 11138 | D:9      | Reached ***** piety under Cheibriados
 11208 | D:9      | Noticed a two-headed ogre
 11212 | D:9      | Killed a two-headed ogre
 11414 | D:9      | Identified the ring of Loirr {rF- Will++ AC+4 Slay+3 SInv}
 11550 | D:9      | Found a burning altar of Makhleb.
 11980 | D:10     | Entered Level 10 of the Dungeon
 12063 | D:10     | Found a transporter.
 12111 | D:10     | You fall into a shaft and drop 1 floor!
 12278 | D:11     | Noticed a two-headed ogre
 12284 | D:11     | Killed a two-headed ogre
 12355 | D:11     | Noticed a boulder beetle
 12364 | D:11     | Killed a boulder beetle
 12549 | D:11     | Reached skill level 11 in Spellcasting
 13176 | D:12     | Noticed a boulder beetle
 13177 | D:12     | Noticed an eight-headed hydra
 13180 | D:12     | Noticed a two-headed ogre
 13891 | D:10     | Identified a scroll of acquirement
 13891 | D:10     | Acquired the +8 quick blade "Novaob" {flame, *Noise rElec
                  | rF++ SInv}
 13960 | D:10     | Reached skill level 10 in Earth Magic
 14012 | D:10     | Found a staircase to the Orcish Mines.
 14081 | D:10     | Found a broken altar of Ashenzari.
 14163 | D:10     | Noticed a two-headed ogre
 14164 | D:10     | Noticed a two-headed ogre
 14479 | D:10     | Killed a two-headed ogre
 14503 | D:10     | Reached skill level 1 in Armour
 14503 | D:10     | Reached ****** piety under Cheibriados
 14504 | D:10     | Reached XP level 13. HP: 90/90 MP: 5/28
 14853 | D:10     | Learned a level 5 spell: Alistair's Intoxication
 14869 | D:10     | Found a transporter.
 14871 | D:10     | Noticed an orc warlord
 14881 | D:10     | Killed an orc warlord
 14942 | D:10     | Reached skill level 5 in Fighting
 15211 | Lair:1   | Entered Level 1 of the Lair of Beasts
 15221 | Lair:1   | Noticed Erica
 15230 | Lair:1   | Killed Erica
 15637 | Lair:2   | Reached skill level 12 in Spellcasting
 15850 | Lair:2   | Identified the +1 war axe of Wagucuepn {protect, rF+}
 15991 | Lair:2   | Noticed Amaemon
 15994 | Lair:2   | Killed Amaemon
 16458 | Lair:3   | Identified the +0 plate armour of the Shrike {rF- rN+ Int+4
                  | Dex+10}
 16728 | Lair:3   | Identified the +4 falchion "Vykiga" {freeze, rF- rN+++
                  | Dex+3}
 16875 | Lair:3   | Identified the +4 shortbow "Mari" {venom, *Corrode +Blink
                  | Fly SInv}
 16888 | Lair:3   | Found a large runed translucent door.
 16907 | Lair:3   | Found a large runed translucent door.
 16912 | Lair:3   | Noticed cowcol's ghost (journeyman MiMo)
 16953 | Lair:3   | Found a hole to the Spider Nest.
 17276 | Lair:3   | Found a staircase to the Swamp.
 17527 | Lair:4   | Gained mutation: You are surrounded by a moderate repulsion
                  | field. (EV +3) [demonic ancestry]
 17527 | Lair:4   | Reached XP level 14. HP: 80/98 MP: 3/30
 18115 | Lair:4   | Learned a level 3 spell: Ozocubu's Armour
 18150 | Lair:5   | Entered Level 5 of the Lair of Beasts
 18320 | Lair:5   | Found a viscous altar of Jiyva.
 18320 | Lair:5   | Found a staircase to the Slime Pits.
 18636 | Lair:4   | Reached skill level 5 in Short Blades
 19106 | Lair:5   | Reached skill level 13 in Spellcasting
 19538 | Lair:3   | Killed cowcol's ghost
 19818 | Lair:5   | Reached skill level 10 in Conjurations
 20592 | Lair:5   | Gained mutation: You have a pair of large antennae on your
                  | head. (SInv) [demonic ancestry]
 20592 | Lair:5   | Reached XP level 15. HP: 86/105 MP: 12/32
 20846 | Orc:1    | Entered Level 1 of the Orcish Mines
 20861 | Orc:1    | Noticed Nergalle
 20905 | Orc:1    | Killed Nergalle
 21084 | Orc:1    | Found Vuteod's Armour Emporium.
 21314 | Orc:2    | Entered Level 2 of the Orcish Mines
 21376 | Orc:2    | Found Buboj's Distillery.
 21444 | Orc:2    | Bought a potion of heal wounds for 65 gold pieces
 21444 | Orc:2    | Bought a potion of magic for 104 gold pieces
 21444 | Orc:2    | Bought a potion of invisibility for 104 gold pieces
 21444 | Orc:2    | Bought a potion of magic for 104 gold pieces
 21444 | Orc:2    | Bought a potion of mutation for 104 gold pieces
 21477 | Orc:2    | Found Arphoilou's Overcharged Wands.
 21617 | Orc:2    | Noticed an orc warlord
 21642 | Orc:2    | Killed an orc warlord
 21800 | Orc:2    | Found a staircase to the Elven Halls.
 22038 | Orc:2    | Found Ikoseiz's Antique Weapon Shop.
 22169 | Orc:2    | Found Gial's Distillery.
 22177 | Orc:2    | Bought a potion of mutation for 112 gold pieces
 22177 | Orc:2    | Bought 2 potions of heal wounds for 140 gold pieces
 22177 | Orc:2    | Bought a potion of curing for 42 gold pieces
 22177 | Orc:2    | Bought a potion of heal wounds for 70 gold pieces
 22177 | Orc:2    | Bought a potion of curing for 42 gold pieces
 22177 | Orc:2    | Bought a potion of invisibility for 112 gold pieces
 22177 | Orc:2    | Bought a potion of resistance for 140 gold pieces
 22275 | Orc:2    | Found Uhamaenk's Antique Armour Shoppe.
 22284 | Orc:2    | Found Ishremof's Antique Weapon Emporium.
 22542 | Orc:2    | Bought a potion of mutation for 104 gold pieces
 22542 | Orc:2    | Bought a potion of curing for 39 gold pieces
 22542 | Orc:2    | Bought a potion of heal wounds for 65 gold pieces
 22542 | Orc:2    | Bought a potion of heal wounds for 65 gold pieces
 22875 | D:12     | Noticed a fire giant
 22885 | D:12     | Killed a fire giant
 22886 | D:12     | Reached skill level 14 in Spellcasting
 23133 | D:12     | Identified the +0 scale mail "Zytuhuc" {Rampage rElec rF-
                  | rN+++ MP-9}
 23660 | D:12     | Got Rilymmoz's Precepts of the Blizzard and the Gathering
 24269 | D:12     | Identified the +0 leather armour of Negligence {Rampage
                  | rElec rN++ Int-3}
 24612 | D:13     | Found a gate leading to a gauntlet.
 24625 | D:13     | Found a gate to the Vaults.
 24629 | Gauntlet | Entered a Gauntlet
 24629 | Gauntlet | Found a transporter.
 24629 | Gauntlet | Found a transporter.
 24629 | Gauntlet | Found a transporter.
 24660 | Gauntlet | Found a transporter.
 24662 | Gauntlet | Found a large runed translucent door.
 24663 | Gauntlet | Found a large runed translucent door.
 24664 | Gauntlet | Found a large runed translucent door.
 24664 | Gauntlet | Found a large runed translucent door.
 24664 | Gauntlet | Found a runed translucent door.
 24664 | Gauntlet | Found a runed translucent door.
 24665 | Gauntlet | Found a large runed translucent door.
 24666 | Gauntlet | Found a large runed translucent door.
 24667 | Gauntlet | Found a large runed translucent door.
 24667 | Gauntlet | Found a large runed translucent door.
 24668 | Gauntlet | Found a runed translucent gate.
 24668 | Gauntlet | Found a runed translucent gate.
 24668 | Gauntlet | Found a runed translucent gate.
 24670 | Gauntlet | Found a transporter.
 24673 | Gauntlet | Found a transporter.
 24683 | Gauntlet | Found a transporter.
 24702 | Gauntlet | Found a transporter.
 24706 | Gauntlet | Found a transporter.
 24709 | Gauntlet | Found a transporter.
 24714 | Gauntlet | Found a large runed translucent door.
 24714 | Gauntlet | Found a large runed translucent door.
 24715 | Gauntlet | Found a large runed translucent door.
 24716 | Gauntlet | Found a large runed translucent door.
 24717 | Gauntlet | Found a large runed translucent door.
 24717 | Gauntlet | Found a large runed translucent door.
 24717 | Gauntlet | Found a transporter.
 24718 | Gauntlet | Found a large runed translucent door.
 24719 | Gauntlet | Found a large runed translucent door.
 24720 | Gauntlet | Found a transporter.
 25108 | Gauntlet | Reached XP level 16. HP: 79/113 MP: 4/34
 25717 | Gauntlet | Identified the -1 cloak of Cheibriados, Changing {-Cast
                  | +Inv rElec rC++}
 25956 | D:13     | Noticed Frances
 26107 | D:13     | Identified the ring "Peginaza" {Fire Int+2 SInv Stlth+}
 26431 | D:13     | Learned a level 5 spell: Metabolic Englaciation
 26524 | D:13     | Identified the +1 scale mail of Wisdom {rF+}
 26757 | D:13     | Killed Frances
 26872 | D:13     | Identified the +6 chain mail of the Purple Skies {rCorr
                  | Dex+3}
 27542 | D:14     | Reached skill level 15 in Spellcasting
 27998 | D:14     | Found a faded altar of an unknown god.
 27999 | D:14     | Found a hazy altar of Hepliaklqana.
 28010 | D:14     | Mangled by a naga warrior

Illustrated notes

Levels and vault maps discovered:
D:1:      wander_arrival_desolate, layout_loops_ring
D:2:      layout_basic, minmay_heptomino_w4
D:3:      layout_basic, mainiacjoe_overflow_boulevard,
          amethyst_overflow_temple_binary, dreamdust_ecumenical_altar_statues,
          uniq_terence
D:4:      layout_cave_pools
D:5:      nicolae_cairo_tiling_very_big, layout_cave_pools, uniq_sigmund
D:6:      layout_loops_ring, fiery_altar_vehumet, nicolae_figureground_pulse,
          uniq_crazy_yiuf_cottage
D:7:      layout_loops_cross, lemuel_tele_altar, kennysheep_little_box,
          serial_rivers, chequers_serial_rivers_small_b,
          chequers_serial_rivers_small_a, chequers_serial_rivers_room_b,
          chequers_serial_rivers_micro_c, uniq_prince_ribbit1, uniq_menkaure
D:8:      layout_gridville, tgw_xom, mainiacjoe_overflow_tiny_flanked,
          david_lair_shrubbed, enter_bailey_2, kennysheep_big_empty_room,
          grunt_decor_fettered, kb_rosetta
D:9:      layout_cave_pools, mainiacjoe_overflow_chevrons,
          lightli_fourway_metalbox
D:10:     gammafunk_beogh_shrine, layout_irregular_city,
          ashenzari_conservatory_becter, orc_0_dummy, minmay_variable_closet,
          roderic_three_in_a_row, kennysheep_kite_vault
D:11:     layout_roguey
D:12:     minmay_heptahexagon, layout_rooms
D:13:     minmay_the_grid_octo_tiled_octocenter_mashed
          [minmay_the_grid_octo_thin_diamonds,
          minmay_the_grid_octo_checkerflower, minmay_the_grid_octo_toaster,
          minmay_the_grid_octo_empty,
          minmay_the_grid_octo_prize_ultimate_mussel_roller,
          minmay_the_grid_square_5x5_v,
          minmay_the_grid_square_5x5_fancy_junction,
          minmay_the_grid_square_5x5_gyroscope,
          minmay_the_grid_square_5x5_hollow_slash], layout_stronghold,
          david_vaults_2, gauntlet_entry_generic, uniq_frances
D:14:     layout_cave_pools, nicolae_triple_integral,
          beargit_hepliaklqana_dungeon_heroes
Lair:1:   layout_misc_corridors, uniq_erica
Lair:2:   layout_loops_ring, serial_bayou_shore_a, uniq_amaemon
Lair:3:   layout_regular_city, nicolae_swamp_entry_splash_gauntlet,
          spider_nest_entry_a, ebering_ghost_disaster_area, grunt_megastairs_3
Lair:4:   layout_misc_corridors, chequers_serial_rivers_room_b
Lair:5:   hangedman_lair_tendril_chambers, layout_layer_cave,
          guppyfry_lair_end_dragon, nicolae_slime_entry_slimehenge,
          grunt_megastairs_2
Orc:1:    layout_caves, serial_shops, shop, mines2_david, uniq_nergalle
Orc:2:    grunt_orc_community_town_hall, layout_caves,
          grunt_orc_community_big_house_1, grunt_orc_community_big_house_2,
          grunt_orc_community_house_1, grunt_orc_community_house_1,
          grunt_orc_community_house_1, grunt_orc_community_house_2,
          serial_shops, shop, nicolae_shop_overcharged_wands

Skill      XL: |  1  2  3  4  5  6  7  8  9 10 11 12 13 14 15 16 |
---------------+-------------------------------------------------+-----
Dodging        | 2 3 4 5 6 7 8 |  8.5
Transmutations | 1 |  1.6
Stealth        | 2 3 4 5 6 7 8 9 |  9.9
Earth Magic    | 3 4 5 6 7 8 9 10 11 12 13 | 13.7
Maces & Flails | 1 |  1.0
Spellcasting   | 3 4 5 6 8 9 10 11 12 13 14 15 | 15.0
Polearms       | 1 2 |  2.1
Fighting       | 1 2 4 5 6 |  6.8
Shields        | 1 2 |  2.4
Short Blades   | 1 3 4 5 6 |  6.3
Conjurations   | 3 5 7 8 10 11 12 | 12.3
Armour         | 1 3 4 |  4.7
Throwing       | |  0.8
Hexes          | |  0.5
Poison Magic   | |  0.1
Evocations     | |  0.5

Action                   |  1- 3 |  4- 6 |  7- 9 | 10-12 | 13-15 | 16-18 || total
-------------------------+-------+-------+-------+-------+-------+-------++-------
Melee: Mace              |    54 |       |       |       |       |       ||    54
       Trident           |       |    39 |       |       |       |       ||    39
       Dagger            |       |    14 |    30 |    53 |       |       ||    97
       Quick blade       |       |       |       |     9 |   385 |   114 ||   508
       Punch             |       |       |       |       |     5 |     1 ||     6
Throw: Dart              |       |       |       |       |     9 |     4 ||    13
 Cast: Sandblast         |    34 |    37 |    73 |       |       |       ||   144
       Stone Arrow       |       |       |     9 |   182 |   733 |   152 ||  1076
       Petrify           |       |       |       |     3 |       |     1 ||     4
       Fulminant Prism   |       |       |       |       |     4 |     1 ||     5
       Olgreb's Toxic Ra |       |       |       |       |       |     2 ||     2
Evoke: Wand              |       |       |       |     2 |     4 |     3 ||     9
  Use: Scroll            |     7 |     5 |     9 |    10 |    14 |     6 ||    51
       Potion            |       |       |       |     2 |     8 |     9 ||    19
 Stab: Sleeping          |     6 |     6 |    11 |    14 |    21 |     9 ||    67
       Petrified         |       |       |       |     3 |       |     3 ||     6
       Distracted        |       |       |       |       |     3 |     2 ||     5
       Invisible         |       |       |       |       |     5 |       ||     5
Armor: Robe              |    19 |     6 |     7 |    28 |       |       ||    60
       Troll leather arm |       |       |       |     4 |   178 |    67 ||   249
Dodge: Dodged            |    72 |    58 |    85 |   180 |   726 |   163 ||  1284
Block: Other             |       |    18 |    30 |     1 |       |       ||    49
